Map: Ancient Cistern LE

Players

Aquin

  • Race: Terran Terran
  • League: Diamond
  • Spawn Location: 7:00

recic - Winner!

  • Race: Protoss Protoss
  • League: Platinum
  • Spawn Location: 1:00

VOD

Have the link to the VOD?

Description

Time

  • Played on: Sept. 17, 2023, 7:16 a.m.
  • Length: 18:17
Show
View Real Time Build Order
Export as new Build Order

Aquin Terran 

Build Orders:  

Get SALT Encoding   

  12  0:00  SCV  
  13  0:12  SCV  
  14  0:17  Supply Depot  
  14  0:24  SCV  
  15  0:38  SCV  
  15  0:40  Barracks  
  16  0:50  SCV  
  16  0:55  Refinery  
  17  1:03  SCV  
  18  1:15  SCV  
  19  1:27  SCV  
  20  1:39  Reaper  
  21  1:41  Command Center  
  21  1:46  Orbital Command  
  21  1:56  Bunker  
  21  2:09  Supply Depot  
  21  2:11  Reaper  
  21  2:15  Bunker  
  22  2:25  SCV  
  23  2:43  Reaper  
  24  2:59  Bunker  
  24  3:01  Orbital Command  
  24  3:04  Factory  
  22  3:32  Reaper  
  23  3:35  SCV x2  
  25  3:44  Barracks  
  25  3:47  Barracks  
  25  4:01  SCV  
  25  4:02  SCV  
  27  4:04  Widow Mine  
  29  4:10  Bunker  
  27  4:17  Engineering Bay  
  26  4:24  SCV  
  26  4:25  SCV  
  26  4:26  Barracks Reactor  
  26  4:31  Factory Tech Lab  
  28  4:33  Barracks Tech Lab  
  28  4:35  Barracks Reactor  
  28  4:37  SCV x2  
  30  4:49  SCV x2  
  30  4:51  Missile Turret  
  32  4:53  Missile Turret, Marine  
  32  4:55  Cyclone  
  36  5:02  SCV x2  
  38  5:07  Missile Turret  
  38  5:09  Marine x2  
  38  5:11  Marine  
  41  5:14  SCV x2, Marine x2  
  45  5:22  Refinery  
  45  5:27  Marine  
  46  5:31  Missile Turret, Marine  
  46  5:32  Supply Depot  
  46  5:33  Supply Depot  
  46  5:34  Stimpack  
  46  5:36  Missile Turret  
  46  5:46  Supply Depot  
  46  5:54  Marine x5, SCV x2  
  53  6:03  Refinery  
  53  6:05  Refinery  
  53  6:06  SCV x2  
  53  6:11  Command Center, Marine  
  55  6:12  Starport  
  55  6:18  Marine, Marauder  
  59  6:25  SCV x2  
  61  6:33  Marine  
  61  6:34  Marine x2  
  61  6:36  Marine  
  61  6:37  SCV x2  
  69  6:40  Marauder  
  69  6:49  SCV, Starport Reactor  
  69  6:53  Terran Infantry Weapons Level 1  
  70  6:58  Supply Depot  
  70  7:13  Combat Shield  
  70  7:20  Marine x3, Siege Tank, SCV x2  
  70  7:21  Supply Depot  
  70  7:22  Marine x2, Supply Depot  
  80  7:23  Supply Depot  
  80  7:27  Medivac x2  
  84  7:32  SCV x2  
  86  7:44  SCV x2  
  88  7:57  Medivac x2  
  92  8:01  Marine x5  
  92  8:04  SCV  
  96  8:19  Marine x2  
  94  8:27  Viking x2  
  61  8:45  Marine x2  
  61  8:46  Marine x3  
  61  8:47  Planetary Fortress  
  61  8:49  SCV x2  
  61  8:51  Terran Infantry Armor Level 1  
  61  8:55  Engineering Bay  
  63  9:01  SCV x2  
  65  9:03  Marine x2  
  67  9:12  Viking x2  
  67  9:13  SCV  
  67  9:14  SCV  
  67  9:16  Refinery  
  73  9:17  Refinery  
  73  9:24  Marine x4, Armory  
  73  9:25  Marine  
  78  9:32  SCV x3  
  81  9:42  Marine x4  
  81  9:44  SCV  
  86  9:45  Viking  
  86  9:49  Viking  
  90  9:56  Marine  
  91  10:00  Marine x3  
  91  10:02  Marine  
  95  10:10  Supply Depot  
  95  10:11  SCV x2  
  95  10:14  Marine  
  97  10:16  SCV  
  97  10:18  Marine x2  
  101  10:23  SCV x2  
  101  10:28  SCV  
  104  10:32  Marauder  
  104  10:35  SCV  
  68  11:12  Marine  
  68  11:13  Marine x4  
  73  11:22  Barracks x2  
  73  11:23  Medivac x2  
  73  11:24  Barracks  
  77  11:30  Marine x3  
  77  11:31  Marine, SCV, Marauder  
  77  11:32  SCV  
  85  11:33  Terran Ship Weapons Level 1  
  85  11:48  Marine x2  
  85  11:51  Marine x2  
  85  11:52  Terran Infantry Weapons Level 2  
  85  11:53  Viking x2, Marauder  
  95  11:54  Terran Infantry Armor Level 2  
  95  12:06  Marine x2  
  95  12:07  SCV  
  95  12:08  SCV x2  
  100  12:11  Barracks Reactor x3  
  100  12:14  Marauder  
  102  12:22  Marine x2  
  104  12:23  Viking  
  104  12:24  Marine x2  
  108  12:36  Supply Depot, Marauder  
  108  12:37  SCV x2, Supply Depot  
  110  12:38  SCV  
  110  12:39  Marine  
  110  12:40  Marine  
  115  13:05  Marine x5  
  116  13:06  Marine x6  
  116  13:23  Marine x6  
  116  13:24  Marine x4  
  116  13:25  Marauder  
  118  13:42  Marine x6  
  118  13:43  Marine x4  
  118  13:46  Marauder  
  122  14:00  Marine x7  
  129  14:04  Ghost Academy  
  129  14:07  Marauder  
  131  14:12  Terran Infantry Armor Level 3  
  131  14:27  Medivac x2  
  135  14:37  Ghost  
  135  14:38  Marine x4  
  137  14:43  Command Center  
  141  14:57  Supply Depot  
  141  14:58  Supply Depot  
  141  15:10  Terran Infantry Weapons Level 3  
  141  15:18  Marine x4, Medivac x2  
  141  15:19  Ghost, Marine x4  
  141  15:20  Marine, Supply Depot  
  141  15:21  Marine  
  157  15:26  Supply Depot  
  157  15:28  Supply Depot  
  157  15:30  Supply Depot  
  157  15:42  Marine x2  
  159  15:44  Marine x6, Supply Depot  
  159  15:48  Ghost, Marine x2, Viking x2  
  173  15:59  Marine x2  
  173  16:01  Marine  
  176  16:04  Marine x3  
  176  16:05  Marine x3  
  182  16:16  Ghost  
  184  16:20  Marine x3  
  184  16:21  Marine  
  184  16:22  Marine x2  
  190  16:41  Marine x3  
  190  16:42  Marine x6  
  190  16:43  Marine  
  98  17:21  Marine x4  
  98  17:22  Marauder  
  64  17:31  Marine x4  
  64  17:32  Marine x2  
  64  17:34  Medivac x2  
  64  17:35  SCV  
  64  17:36  SCV  
  74  17:42  Marine x3  
  74  17:43  Marauder  
  79  17:55  Marine  
  79  17:56  Marine x6  
Show
View Real Time Build Order
Export as new Build Order

recic Protoss - Winner!

Build Orders: 1 Gate Expand, Carriers 

Get SALT Encoding   

  12  0:00  Probe  
  13  0:12  Probe  
  14  0:19  Pylon  
  14  0:24  Probe  
  15  0:37  Probe  
  15  0:38  Gateway  
  16  0:49  Probe  
  17  0:50  Assimilator  
  17  1:01  Probe  
  18  1:13  Probe  
  19  1:25  Probe  
  20  1:32  Nexus  
  20  1:38  Probe  
  20  1:39  Cybernetics Core  
  21  1:46  Assimilator  
  21  1:50  Probe  
  22  1:55  Pylon  
  22  2:02  Probe  
  23  2:12  Pylon  
  23  2:15  Warp Gate, Stalker (Chrono Boost)  
  25  2:18  Probe (Chrono Boost)  
  26  2:29  Probe (Chrono Boost)  
  27  2:34  Probe (Chrono Boost)  
  28  2:37  Stargate  
  28  2:45  Stalker (Chrono Boost)  
  28  2:51  Shield Battery  
  30  2:59  Probe  
  31  3:09  Probe  
  32  3:21  Shield Battery  
  36  3:28  Void Ray (Chrono Boost)  
  36  3:29  Stalker  
  37  3:54  Pylon  
  38  3:55  Pylon, Probe  
  38  4:07  Probe  
  39  4:15  Probe  
  44  4:19  Probe  
  44  4:21  Gateway x2  
  44  4:22  Void Ray  
  43  4:32  Probe  
  43  4:35  Stalker  
  43  4:36  Pylon  
  46  4:42  Robotics Facility  
  46  4:49  Probe x2 (Chrono Boost)  
  48  4:58  Probe x2 (Chrono Boost)  
  50  5:03  Probe (Chrono Boost)  
  50  5:06  Gateway  
  51  5:09  Gateway  
  51  5:10  Shield Battery  
  51  5:13  Sentry  
  53  5:22  Probe x2  
  53  5:27  Assimilator  
  53  5:28  Assimilator  
  55  5:30  Observer (Chrono Boost), Pylon  
  56  5:37  Zealot x3  
  62  5:43  Observer (Chrono Boost)  
  62  5:44  Probe x2  
  65  5:58  Zealot x3  
  65  6:03  Observer  
  72  6:09  Forge  
  72  6:16  Probe x2  
  74  6:21  Protoss Air Weapons Level 1 (Chrono Boost)  
  74  6:22  Pylon x2  
  74  6:24  Observer  
  75  6:28  Probe  
  75  6:45  Cybernetics Core  
  75  6:46  Pylon  
  75  6:48  Pylon, Stalker x2, Fleet Beacon  
  75  6:49  Stalker  
  75  6:50  Zealot  
  83  6:55  Probe x2  
  85  7:01  Shield Battery  
  85  7:07  Photon Cannon, Probe  
  86  7:09  Photon Cannon  
  86  7:16  Protoss Shields Level 1  
  86  7:19  Probe  
  86  7:20  Probe  
  88  7:25  Twilight Council  
  88  7:32  Protoss Air Armor Level 1 (Chrono Boost)  
  88  7:43  Zealot  
  88  7:44  Zealot x2  
  93  8:02  Nexus  
  93  8:05  Pylon  
  93  8:09  Pylon  
  99  8:13  Carrier  
  99  8:18  Probe x2 (Chrono Boost)  
  93  8:28  Probe (Chrono Boost)  
  93  8:29  Zealot  
  81  8:48  Pylon  
  81  8:49  Pylon, Zealot  
  81  8:50  Zealot x2  
  87  9:04  Shield Battery  
  87  9:07  Shield Battery  
  87  9:09  Photon Cannon, Probe  
  94  9:17  Carrier  
  94  9:22  Charge  
  94  9:25  Protoss Air Weapons Level 2 (Chrono Boost)  
  94  9:33  Stalker x3  
  100  9:40  Pylon  
  100  9:41  Phoenix  
  100  9:43  Shield Battery  
  100  9:57  Sentry x3  
  100  9:58  Zealot  
  100  9:59  Protoss Air Armor Level 2 (Chrono Boost)  
  108  10:05  Assimilator  
  108  10:06  Assimilator  
  108  10:20  Carrier (Chrono Boost)  
  114  10:26  Probe (Chrono Boost)  
  117  10:31  Probe x2 (Chrono Boost)  
  118  10:37  Probe (Chrono Boost)  
  118  10:40  Probe x2 (Chrono Boost)  
  118  10:41  Probe (Chrono Boost)  
  111  10:50  Probe x2  
  89  11:02  Probe, Zealot x5  
  84  11:11  Pylon  
  84  11:12  Probe  
  84  11:13  Probe  
  84  11:14  Pylon, Carrier (Chrono Boost), Probe  
  93  11:28  Protoss Shields Level 2 (Chrono Boost)  
  93  11:29  Zealot x3  
  93  11:30  Zealot  
  93  11:31  Zealot  
  103  11:55  Zealot  
  103  11:56  Zealot x4  
  103  11:58  Protoss Air Weapons Level 3 (Chrono Boost)  
  113  12:10  Stargate  
  113  12:11  Protoss Air Armor Level 3 (Chrono Boost)  
  113  12:16  Carrier (Chrono Boost)  
  113  12:20  Observer, Zealot x2  
  113  12:21  Zealot x2  
  127  12:22  Zealot  
  127  12:24  Probe  
  130  12:43  Nexus  
  130  12:45  Pylon, Probe  
  130  12:46  Probe x2  
  133  12:53  Carrier (Chrono Boost)  
  133  12:58  Probe x3  
  142  13:00  Blink  
  142  13:17  Stalker x4  
  142  13:19  Shield Battery  
  150  13:22  Shield Battery  
  150  13:27  Probe x2  
  150  13:28  Probe  
  165  13:55  Carrier (Chrono Boost)  
  165  14:00  Pylon, Carrier (Chrono Boost)  
  165  14:03  Protoss Shields Level 3 (Chrono Boost)  
  165  14:07  Photon Cannon  
  165  14:09  Photon Cannon  
  165  14:13  Pylon  
  165  14:16  Pylon  
  165  14:17  Assimilator  
  165  14:21  Assimilator  
  165  14:29  Observer  
  165  14:33  Photon Cannon  
  165  14:36  Photon Cannon  
  165  14:48  Carrier (Chrono Boost)  
  171  14:55  Nexus  
  171  14:58  Assimilator  
  171  15:00  Sentry x2  
  171  15:01  Sentry x3  
  171  15:02  Assimilator  
  171  15:04  Carrier (Chrono Boost)  
  171  15:06  Pylon  
  187  15:09  Pylon  
  187  15:12  Probe x3  
  187  15:13  Probe  
  191  15:39  Pylon  
  191  15:46  Gateway  
  191  15:47  Gateway  
  191  15:49  Gateway  
  191  15:51  Gateway  
  191  15:55  Photon Cannon  
  191  15:56  Photon Cannon  
  191  15:58  Photon Cannon  
  191  16:06  Gateway  
  191  16:07  Gateway  
  191  16:08  Gateway  
  191  16:10  Gateway  
  191  16:12  Gateway, Templar Archives  
  191  16:14  Gateway  
  191  16:21  Warp Prism (Chrono Boost)  
  161  16:57  Zealot x5  
  127  17:51  Stalker x2  
  127  17:52  Stalker x4  
  127  17:53  Stalker, Zealot x2  
  127  17:54  Zealot x4  
  127  17:55  Zealot x2  
Tags
 
Add a new tag
Caveats
  • Supply blocks, unpowered buildings, or Contaminate may cause inaccurate times.
  • Supply counts are checked every 10 seconds.